AoeStats
← Zarko

Arabia

510414055Analyzed
1v1 RM · 1d ago on Sep 30, 2026· 36m 8s· 2 players
Game mode
Random Map
Map size
Tiny (2 player)
Population
200
Speed
Normal
Resources
Standard
Victory
Conquest
Starting age
Dark Age
Ending age
Imperial Age
RankedLock teamsTeams togetherTeam positionsShared explorationLock speedFull tech treeHidden civsTurbo modeCheats
Victory
Defeat
🇹🇷 Romans · Türkiye
1056
+14
🇧🇬 Bulgarians · Bulgaria
1012
-14
Zarko
8:02 Loom
11:07 Feudal Age
11:41 Double-Bit Axe
17:46 Horse Collar
26:46 Castle Age
25:49 Scale Mail Armor
26:16 Forging
26:33 Fletching
28:02 Bodkin Arrow
28:16 Scale Barding Armor
HAN | Bilge Tonyukuk
6:44 Loom
9:04 Feudal Age
9:16 Man-at-Arms
12:39 Scale Mail Armor
14:57 Double-Bit Axe
16:40 Forging
18:59 Horse Collar
24:23 Castle Age
23:09 Fletching
24:14 Gold Mining
24:36 Long Swordsman
25:43 Bow Saw
25:47 Squires
26:04 Chain Mail Armor
26:49 Gold Shaft Mining
26:20 Heavy Plow
30:37 Iron Casting
30:19 Stone Mining
35:07 Wheelbarrow
Connection lost

Rejoining the realm…

Still unreachable

The connection could not be restored.

Session expired

The server has moved on; the page needs a fresh start.